 Dungeon Crawl Stone Soup version 0.29.1-15-g9cfb28693d (webtiles) character file.

Game seed: 7442826474654300151

49 protoss039 the Digger (level 3, 0/27 HPs)
             Began as a Demonspawn Earth Elementalist on Mar 12, 2023.
             Slain by an orc wizard
             ... wielding a +0 dagger
              (3 damage)
             ... on level 2 of the Dungeon.
             The game lasted 00:01:20 (565 turns).

protoss039 the Digger (DsEE)                         Turns: 565, Time: 00:01:20

Health: 0/27       AC:  6    Str:  8    XL:     3   Next: 51%
Magic:  0/6        EV: 10    Int: 18    God:
Gold:   41         SH:  0    Dex: 13    Spells: 6/7 levels left

rFire   . . .      SeeInvis .   c - +0 dagger (chaos)
rCold   . . .      Faith    .   (no shield)
rNeg    . . .      Spirit   .   h - +0 ring mail
rPois   .          Reflect  .   (no helmet)
rElec   .          Harm     .   (no cloak)
rCorr   .          Rampage  .   g - +0 pair of gloves
Will    .....                   (no boots)
Stlth   +.........              (no amulet)
HPRegen 0.09/turn               (no ring)
MPRegen 0.10/turn               (no ring)

@: mighty, flying
A: hooves 1, powered by death 1
a: no special abilities


You were on level 2 of the Dungeon.
You visited 1 branch of the dungeon, and saw 2 of its levels.

You collected 41 gold pieces.

Inventory:

Hand Weapons
 c - a +0 dagger of chaos (weapon)
Armour
 g - a +0 pair of gloves (worn)
 h - a +0 ring mail (worn)
Potions
 b - a potion of magic


   Skills:
 + Level 1.6 Fighting
 - Level 1.7 Dodging
 - Level 1.7 Stealth
 + Level 2.6 Spellcasting
 - Level 0.8 Transmutations
 + Level 3.2 Earth Magic


You had 6 spell levels left.
You knew the following spells:

 Your Spells              Type           Power      Damage    Failure   Level
a - Sandblast             Erth           28%        2d8       14%         1

Your spell library contained the following spells:

 Spells                   Type           Power      Damage    Failure   Level
 Passwall                 Tmut/Erth      7%         N/A       34%         2
 Stone Arrow              Conj/Erth      16%        3d8       63%         3
 Petrify                  Tmut/Erth      9%         N/A       92%         4


Dungeon Overview and Level Annotations

Branches:
Dungeon (2/15) Zot: 11423

Altars:
Okawaru


Innate Abilities, Weirdness & Mutations

You have large cloven feet.
You regenerate a little health from kills.


Message History

You feel very mighty all of a sudden. The orc hits you but does no damage.
Something hits you but does no damage. The orc misses you. x2
Unknown command.
You closely miss something. Your kick misses something.
The orc hits you but does no damage. Something hits you.
* * * LOW HITPOINT WARNING * * *
The orc hits you with a +0 hand axe.
* * * LOW HITPOINT WARNING * * *
The orc closely misses you.
Unknown command.
Unknown command.
You hit the orc. You burn the orc.
You kill the orc!
The orc hits you with a +0 dagger.
* * * LOW HITPOINT WARNING * * *
The orc completely misses you. Something hits you but does no damage.
Unknown command.
Unknown command.
You hit the orc. You freeze the orc.
You kill the orc!
The orc closely misses you. Something hits you.
* * * LOW HITPOINT WARNING * * *
Unknown command.
You barely miss the orc. The orc hits you with a +0 dagger.
* * * LOW HITPOINT WARNING * * *
Something hits you.
* * * LOW HITPOINT WARNING * * *
Unknown command.
You hit the orc.
Space warps horribly around the orc!
You kill the orc!
Something hits you.
* * * LOW HITPOINT WARNING * * *
Unknown command.
Casting: Sandblast (safe; 14% risk of failure)
Confirm with . or Enter, or press ? or * to list all spells.
Aiming: Sandblast (safe; 14% risk of failure)
Press: ? - help, Shift-Dir - straight line The blast of sand hits something!
Something hits you.
You die...

#. #○# #§# ###§# #####
##§§☼## .○§§#
#§○○○○##○§☼§# ###########
#§§§§§○§☼§..+ ......[...#
#§○§)○☼#....#
.......>..###○☼)@§§#....#
.........§§§§§○{)§##....#
.........○○§§###### #####
.........☼§☼.#
.........§...#
#######...o..+ #.#....#
#.#.....# #........


There were no monsters in sight!

Vanquished Creatures
  An orc priest (D:2)
  3 orcs (D:2)
  3 bats (D:1)
  2 giant cockroaches
  3 goblins (D:1)
  A hobgoblin (D:1)
  A frilled lizard (D:1)
  A rat (D:1)
15 creatures vanquished.

Notes
Turn   | Place    | Note
-------+----------+-------------------------------------------
     0 | D:1      | protoss039 the Demonspawn Earth Elementalist began the
                  | quest for the Orb.
     0 | D:1      | Reached XP level 1. HP: 13/13 MP: 3/3
    87 | D:1      | Found a faded altar of an unknown god.
   296 | D:1      | Discovered your monstrous ancestry.
   296 | D:1      | Gained mutation: You have large cloven feet. [demonic
                  | ancestry]
   296 | D:1      | Reached XP level 2. HP: 20/20 MP: 3/5
   498 | D:1      | You fall into a shaft and drop 1 floor!
   508 | D:2      | Found an iron altar of Okawaru.
   554 | D:2      | Reached skill level 1 in Fighting
   554 | D:2      | Reached skill level 3 in Earth Magic
   554 | D:2      | Gained mutation: You regenerate a little health from kills.
                  | [demonic ancestry]
   554 | D:2      | Reached XP level 3. HP: 11/26 MP: 1/6
   565 | D:2      | Slain by an orc wizard

Illustrated notes

Levels and vault maps discovered:
D:1:      noname_arrival_rooms_in_the_neighbourhood, layout_loops_corners,
          ebering_ecumenical_altar_hall, minmay_tetromino_t2
D:2:      layout_basic, serial_shops, nicolae_shop_hallway_plus, basic_altar,
          minmay_pentomino_pile, uniq_terence, uniq_natasha

Skill      XL: |  1  2 |
---------------+-------+-----
Fighting       | 1 |  1.6
Earth Magic    | 3 |  3.2
Dodging        | |  1.7
Stealth        | |  1.7
Spellcasting   | |  2.6
Transmutations | |  0.8

Action                   || total
-------------------------++-------
Melee: Dagger            ||     8
 Cast: Sandblast         ||    23
  Use: Potion            ||     3
       Scroll            ||     2
Armor: Ring mail         ||    14
Dodge: Dodged            ||    30
